 Dungeon Crawl Stone Soup version 0.30-a0-778-g2ef04afb54 (webtiles) character file.

Game seed: 16768351005995215566

8959 Smoke131 the Thrower (level 11, -11/97 HPs)
             Began as an Ogre Gladiator on Feb 15, 2023.
             Was an Elder of Okawaru.
             Mangled by a cane toad (18 damage)
             ... on level 1 of the Lair of Beasts.
             The game lasted 00:47:22 (13773 turns).

Smoke131 the Thrower (Ogre Gladiator)              Turns: 13773, Time: 00:47:22

Health: -11/97     AC:  6    Str: 20    XL:     11   Next: 39%
Magic:  18/18      EV: 15    Int: 15    God:    Okawaru [****..]
Gold:   433        SH:  0    Dex: 14    Spells: 10/10 levels left

rFire   . . .      SeeInvis +    b - +2 glaive (venom)
rCold   . . .      Faith    .    (shield currently unavailable)
rNeg    . . .      Spirit   .    x - +0 steam dragon scales
rPois   .          Reflect  .    c - +0 hat
rElec   .          Harm     .    (no cloak)
rCorr   +          Rampage  .    (gloves unavailable)
Will    +....                    (boots unavailable)
Stlth   +                        (no amulet)
HPRegen 0.36/turn                B - ring of resist corrosion
MPRegen 0.16/turn                D - ring of Keapis {EV+5 Int+6 SInv}

@: confused, ambrosia-drunk, studying Long Blades
A: large, unfitting armour, tough skin 1
a: Renounce Religion, Heroism, Finesse


You were on level 1 of the Lair of Beasts.
You worshipped Okawaru.
Okawaru was greatly pleased with you.
You visited 3 branches of the dungeon, and saw 12 of its levels.

You collected 524 gold pieces.
You spent 91 gold pieces at shops.

Inventory:

Hand Weapons
 b - a +2 glaive of venom (weapon)
 p - a +1 broad axe of electrocution
 F - a +3 battleaxe
 G - a +2 great sword of venom
Missiles
 h - 73 stones (quivered)
 k - 3 poisoned darts
 w - 7 boomerangs
Armour
 c - a +0 hat (worn)
 x - +0 steam dragon scales (worn)
Jewellery
 z - a ring of magical power
 B - a ring of resist corrosion (left hand)
 D - the ring of Keapis (right hand) {EV+5 Int+6 SInv}
   (You found it on level 7 of the Dungeon)

   [ring of evasion]

   EV:        It affects your evasion (+5).
   Int:       It affects your intelligence (+6).
   SInv:      It lets you see invisible.
Wands
 e - a wand of flame (41)
 g - a wand of light (11)
Scrolls
 j - a scroll of fog
 q - a scroll of amnesia
 s - 2 scrolls of silence
 y - a scroll of identify
 E - a scroll of teleportation
Potions
 a - 6 potions of curing
 f - a potion of lignification
 i - 2 potions of flight
 v - a potion of mutation


   Skills:
 - Level 3.0 Fighting
 - Level 3.0 Axes
 + Level 14.8 Throwing
 - Level 3.0 Dodging
 + Level 9.8 Invocations


You had 10 spell levels left.
You didn't know any spells.
Your spell library contained the following spells:

 Spells                   Type           Power      Damage    Failure   Level
 Freeze                   Ice            0%         1d3       26%         1
 Cigotuvi's Dreadful Rot  Necr/Pois/Air  0%         N/A       38%         2
 Poisonous Vapours        Pois/Air       0%         N/A       38%         2
 Sublimation of Blood     Necr           0%         N/A       38%         2
 Dazzling Flash           Conj/Hex       0%         N/A       63%         3
 Frozen Ramparts          Ice            0%         1d1       63%         3
 Hailstorm                Conj/Ice       0%         3d3       63%         3
 Mephitic Cloud           Conj/Pois/Air  0%         N/A       63%         3
 Iskenderun's Mystic Bla  Conj/Tloc      0%         2d3       95%         4
 Passage of Golubria      Tloc           0%         N/A       95%         4
 Petrify                  Tmut/Erth      0%         N/A       95%         4
 Borgnjor's Vile Clutch   Necr/Erth      0%         N/A       100%        5
 Irradiate                Conj/Tmut      0%         3d11      100%        5
 Yara's Violent Unravell  Hex/Tmut       0%         3d3       100%        5
 Starburst                Conj/Fire      0%         6d3       100%        6
 Tukima's Dance           Hex            Unusable   N/A       N/A         3
 Animate Dead             Necr           Unusable   N/A       N/A         4
 Death Channel            Necr           Unusable   N/A       N/A         6

Dungeon Overview and Level Annotations

Branches:
Dungeon (9/15)             Temple (1/1) D:6            Lair (2/5) D:9
  Swamp: Lair:2-3    Shoals: Lair:2-3     Snake: Lair:2-3    Spider: Lair:2-3
    Orc: D:9-12

Altars:
Ashenzari
Dithmenos
Elyvilon
Fedhas
Gozag
Hepliaklqana
Makhleb
Nemelex Xobeh
Okawaru
Qazlal
Ru
Sif Muna
Trog
Uskayaw
Vehumet
Yredelemnul
The Shining One

Shops:
D:2 ?   D:4 (

Annotations:
Lair:1 1 transporter
Lair:2 Harold


Innate Abilities, Weirdness & Mutations

You are too large for most types of armour.
You have tough skin. (AC +1)


Message History

Throw: 4 darts (curare)
Press: ? - help, Q - select action, (/) - cycle Shift-Dir - straight line, f/p - cane toad
Aim: a cane toad (heavily wounded, 70% to hit)
You throw a curare-tipped dart.
The curare-tipped dart hits the cane toad.
The cane toad is heavily wounded.
The cane toad closely misses you.
Throw: 3 darts (curare)
Press: ? - help, Q - select action, (/) - cycle Shift-Dir - straight line, f/p - cane toad
Aim: a cane toad (heavily wounded, 70% to hit)
You throw a curare-tipped dart.
The curare-tipped dart hits the cane toad.
The cane toad is heavily wounded.
The cane toad barely misses you.
Throw: 2 darts (curare)
Press: ? - help, Q - select action, (/) - cycle Shift-Dir - straight line, f/p - cane toad
Aim: a cane toad (heavily wounded, 70% to hit)
You throw a curare-tipped dart.
The curare-tipped dart hits the cane toad.
The cane toad is heavily wounded.
A blink frog comes into view.
The cane toad barely misses you.
Throw: dart (curare)
Press: ? - help, Q - select action, (/) - cycle Shift-Dir - straight line, f/p - cane toad
Aim: a cane toad (heavily wounded, 70% to hit)
You throw a curare-tipped dart.
The curare-tipped dart hits the cane toad.
The cane toad is heavily wounded.
Throw: 74 stones
Press: ? - help, Q - select action, (/) - cycle Shift-Dir - straight line, f/p - cane toad
Aim: a cane toad (heavily wounded, 70% to hit)
You throw a stone.
The stone hits the cane toad but does no damage.
The cane toad is heavily wounded.
The cane toad stings you!!
* * * LOW HITPOINT WARNING * * *
The blink frog blinks!
You are confused.
You feel invigorated. The cane toad stings you!!
You die...

........... .?......
.. ........ ........
... ......### ........
#.# #....>.# ###.....
#.# #.....#### ##.....
##.#######.......##
#...../
#..##...#.##......##
#......
#.#..>....##......#
+....#.
#..#..........@F.(#
#......
#†######..............
#....... #.P#
#............§(
#....... #.##
#####....8....#
........ #..#
##......... ........
##.# #.8...8.#. .P
.........# ^.#
....8....# ..#


You could see a cane toad.

Vanquished Creatures
  2 cane toads
  A komodo dragon (Lair:1)
  Prince Ribbit (D:5)
  A hornet (D:7)
  3 blink frogs (Lair:1)
  A vampire (D:9)
  The ghost of mandoloar the Magician, an amateur DECj (D:4)
  11 yaks
  2 basilisks
  A wyvern (D:9)
  2 steam dragons
  Menkaure (D:5)
  5 water moccasins
  Duvessa (D:5)
  4 black bears
  6 orc warriors
  2 sky beasts
  2 ice beasts (D:5)
  3 centaurs
  A phantom (D:5)
  A kobold brigand (D:9)
  4 bullfrogs
  A necrophage (D:5)
  2 scorpions
  A gnoll sergeant (D:3)
  4 wights (D:9)
  Dowan (D:5)
  6 killer bees (D:9)
  A howler monkey (D:8)
  4 jellies
  4 orc priests
  A gnoll bouda (D:8)
  10 hounds
  2 iguanas
  8 orc wizards
  7 gnolls
  4 adders
  2 shadow imps (D:5)
  An ufetubus (D:5)
  2 worms
  4 dart slugs
  45 orcs
  6 ball pythons
  5 bats
  3 endoplasms
  4 giant cockroaches
  10 goblins
  10 hobgoblins
  6 jackals
  6 quokkas
  A frilled lizard (D:3)
  13 kobolds
  4 rats
234 creatures vanquished.

Vanquished Creatures (collateral kills)
  A black bear (D:5)
1 creature vanquished.

Vanquished Creatures (others)
  A wizard (D:3)
  A bush (D:9)
  9 fungi
  33 plants
44 creatures vanquished.

Grand Total: 279 creatures vanquished

Notes
Turn   | Place    | Note
-------+----------+-------------------------------------------
     0 | D:1      | Smoke131 the Ogre Gladiator began the quest for the Orb.
     0 | D:1      | Reached XP level 1. HP: 22/22 MP: 1/1
    30 | D:1      | Reached XP level 2. HP: 26/31 MP: 2/2
   138 | D:1      | Reached XP level 3. HP: 28/37 MP: 3/3
   295 | D:1      | Reached skill level 3 in Throwing
   938 | D:2      | Found a faded altar of an unknown god.
  1120 | D:2      | Found Xazaoch's Magic Scroll Boutique.
  1148 | D:2      | Bought a scroll of teleportation for 39 gold pieces
  1148 | D:2      | Bought a scroll of identify for 26 gold pieces
  1148 | D:2      | Bought a scroll of identify for 26 gold pieces
  2046 | D:3      | Reached XP level 4. HP: 45/45 MP: 4/4
  2181 | D:3      | Noticed a gnoll sergeant
  2183 | D:3      | Reached skill level 4 in Throwing
  2197 | D:3      | Killed a gnoll sergeant
  2198 | D:3      | Reached skill level 5 in Throwing
  2198 | D:3      | Reached XP level 5. HP: 44/53 MP: 5/5
  2375 | D:3      | Found a bloodstained altar of Trog.
  2376 | D:3      | Noticed a wizard
  2382 | D:3      | Killed a wizard
  2410 | D:3      | Found a broken altar of Ashenzari.
  2622 | D:3      | Found a hazy altar of Hepliaklqana.
  2774 | D:4      | Found Otiemuruss's Firing Range.
  3113 | D:4      | Reached XP level 6. HP: 31/61 MP: 6/6
  3335 | D:4      | Reached skill level 6 in Throwing
  3807 | D:4      | Found a large runed translucent door.
  3807 | D:4      | Found a large runed translucent door.
  3811 | D:4      | Noticed mandoloar's ghost (amateur DECj)
  3850 | D:4      | Killed mandoloar's ghost
  3851 | D:4      | Reached skill level 7 in Throwing
  3851 | D:4      | Reached XP level 7. HP: 26/67 MP: 7/7
  4164 | D:5      | Entered Level 5 of the Dungeon
  4228 | D:5      | Noticed Prince Ribbit
  4247 | D:5      | Reached skill level 8 in Throwing
  4392 | D:5      | Noticed Duvessa
  4396 | D:5      | Noticed Dowan
  4410 | D:5      | Killed Duvessa
  4411 | D:5      | Reached XP level 8. HP: 35/75 MP: 8/8
  4421 | D:5      | Killed Dowan
  4422 | D:5      | Reached skill level 9 in Throwing
  4913 | D:5      | Killed Prince Ribbit
  5257 | D:5      | Noticed Menkaure
  5496 | D:5      | Killed Menkaure
  5497 | D:5      | Reached skill level 10 in Throwing
  5930 | D:5      | Reached skill level 11 in Throwing
  6274 | D:5      | Reached XP level 9. HP: 58/81 MP: 9/9
  6914 | D:6      | Identified the +3 ring mail "Ruskaiss" {Fly Str+2 Dex-3}
  7160 | D:6      | Found a staircase to the Ecumenical Temple.
  7166 | D:6      | Reached skill level 12 in Throwing
  7172 | Temple   | Entered the Ecumenical Temple
  7213 | Temple   | Became a worshipper of Warmaster Okawaru
  7727 | D:7      | Identified the ring of Keapis {EV+5 Int+6 SInv}
  7799 | D:6      | Reached skill level 1 in Invocations
  8535 | D:7      | Found a sparkling altar of Nemelex Xobeh.
  8630 | D:7      | Reached * piety under Okawaru
  8755 | D:7      | Noticed a hornet
  8828 | D:7      | Killed a hornet
  9219 | D:8      | Reached XP level 10. HP: 55/91 MP: 13/13
  9648 | D:8      | Reached skill level 5 in Invocations
  9713 | D:8      | Reached skill level 13 in Throwing
 10281 | D:9      | Noticed a +0 hand axe
 10281 | D:9      | Noticed a +0 hand axe
 10282 | D:9      | Found a hide-covered altar of Uskayaw.
 10325 | D:9      | Identified the +1 scale mail "Ixta" {Str+3}
 10359 | D:9      | Reached ** piety under Okawaru
 11144 | D:9      | Found a staircase to the Lair.
 11747 | D:9      | Reached *** piety under Okawaru
 11748 | D:9      | Reached skill level 14 in Throwing
 12681 | Lair:1   | Entered Level 1 of the Lair of Beasts
 12700 | D:9      | Reached XP level 11. HP: 76/97 MP: 17/17
 13028 | D:9      | Received a gift from Okawaru
 13457 | Lair:1   | Reached **** piety under Okawaru
 13490 | Lair:1   | You fall into a shaft and drop 1 floor!
 13508 | Lair:2   | Noticed Harold
 13528 | Lair:2   | Noticed a skyshark
 13554 | Lair:1   | Received a gift from Okawaru
 13565 | Lair:1   | Found a transporter.
 13772 | Lair:1   | HP: 2/97 [cane toad (18)]
 13773 | Lair:1   | Mangled by a cane toad

Illustrated notes

Levels and vault maps discovered:
D:1:      psy_arrival_spokes, layout_basic, minmay_circled_x
D:2:      layout_loops_corners, ebering_ecumenical_altar_rust, serial_shops,
          nicolae_square_shop
D:3:      layout_basic, trog_wizard, evilmike_ruin_ashenzari,
          nicolae_hepliaklqana_hippocampus, serial_aquarium,
          aquarium_bridge_square [aquarium_subvault_wall,
          aquarium_subvault_wall, aquarium_subvault_bridge,
          aquarium_subvault_wall], aquarium_window_1, aquarium_window_1,
          aquarium_view_2d, aquarium_view_2b, aquarium_balcony_5b,
          item_on_display_a
D:4:      layout_loops_ring, ebering_ghost_disaster_area, kennysheep_donut,
          nicolae_shop_firing_range
D:5:      nicolae_cairo_tiling_very_big, layout_loops_ring, uniq_duvessa,
          uniq_menkaure, uniq_prince_ribbit1
D:6:      layout_cave_pools, minmay_temple_entry_gardened_gates
D:7:      layout_rooms, kennysheep_mini_moat, kennysheep_generic_room_7
D:8:      layout_basic
D:9:      layout_loops_ring, dancing_weapons_uskayaw, minmay_lair_entry_grove
Temple:   nicolae_temple_two_arcs
Lair:1:   gammafunk_boulding_lane, layout_hall_layers,
          nicolae_lair_liquid_snakes, grunt_megastairs_4
Lair:2:   layout_concentric_octagons, minmay_shoals_entry_beasts,
          spider_nest_entry_funnel_web, wad_woods_01, serial_bayou_shore_b,
          lemuel_fruit_tree, infiniplex_staircase_pool, uniq_harold

Skill      XL: |  1  2  3  4  5  6  7  8  9 10 11 |
---------------+----------------------------------+-----
Fighting       | 3 |  3.0
Dodging        | 3 |  3.0
Throwing       | 3 5 7 8 11 12 14 | 14.8
Invocations    | 4 8 9 |  9.8
Axes           | |  3.0

Action                     |  1- 3 |  4- 6 |  7- 9 | 10-12 || total
---------------------------+-------+-------+-------+-------++-------
  Melee: War axe           |    34 |       |       |       ||    34
         Short sword       |    58 |   181 |    94 |       ||   333
         Punch             |       |     3 |     6 |       ||     9
         Broad axe         |       |       |   194 |    25 ||   219
         Glaive            |       |       |       |   182 ||   182
  Throw: Dart              |       |    18 |    30 |    33 ||    81
         Large rock        |       |     2 |     6 |    44 ||    52
         Boomerang         |       |       |    13 |    15 ||    28
         Stone             |       |       |    13 |     1 ||    14
         Throwing net      |       |       |       |     4 ||     4
  Evoke: Wand              |       |       |     5 |    19 ||    24
    Use: Scroll            |       |     7 |    11 |     9 ||    27
         Potion            |       |     1 |     2 |     8 ||    11
   Stab: Sleeping          |     1 |       |       |       ||     1
 Armour: Robe              |    23 |    36 |    79 |     2 ||   140
         Steam dragon scal |       |       |       |    63 ||    63
  Dodge: Dodged            |    58 |    91 |   216 |   272 ||   637

Table legend: (Time is in decaauts)
 A = Elapsed time spent in this place.
 B = Non-inter-level travel time spent in this place.
 C = Inter-level travel time spent in this place.
 D = Time resting spent in this place.
 E = Time spent auto-exploring this place.
 F = Levels seen in this place.
 G = Mean time per level.
                   A        B        C        D        E       F      G
               +--------+--------+--------+--------+--------+-----+--------+
         Total |  13953 |  13775 |    178 |   4904 |   5163 |  12 | 1162.8 |
       Dungeon |  13332 |  13154 |    178 |   4640 |   5058 |   9 | 1481.3 |
        Temple |     53 |     53 |      0 |      0 |     30 |   1 |   53.0 |
          Lair |    566 |    566 |      0 |    264 |     75 |   2 |  283.0 |
               +--------+--------+--------+--------+--------+-----+--------+

Top non-repeatable levels by time:
     D:9: 2399 daAuts
     D:5: 2223 daAuts
     D:8: 1972 daAuts
     D:4: 1482 daAuts
     D:6: 1403 daAuts
     D:7: 1175 daAuts
     D:3: 996 daAuts
     D:2: 916 daAuts
     D:1: 762 daAuts
  Lair:1: 518 daAuts
  Temple: 53 daAuts
  Lair:2: 48 daAuts
